 Dungeon Crawl Stone Soup version 0.28.0-45-g0d030f2227 (webtiles) character file.

Game seed: 15520130274975488845

86 Zeld the Conjurer (level 4, -6/35 HPs)
             Began as a Draconian Conjurer on Apr 18, 2022.
             Killed by divine providence
             ... invoked by an orc priest
              (11 damage)
             ... on level 3 of the Dungeon.
             The game lasted 00:03:22 (3150 turns).

Zeld the Conjurer (Draconian Conjurer)              Turns: 3150, Time: 00:03:23

Health: -6/35      AC: 10    Str: 10    XL:     4   Next: 27%
Magic:  0/7        EV: 12    Int: 20    God:
Gold:   34         SH:  0    Dex:  9    Spells: 4/7 levels left

rFire   . . .      SeeInvis .   (no weapon)
rCold   . . .      Faith    .   (no shield)
rNeg    . . .      Spirit   .   (armour unavailable)
rPois   .          Reflect  .   i - +2 hat
rElec   .          Harm     .   (no cloak)
rCorr   .          Rampage  .   (no gloves)
Will    .....                   l - +2 pair of boots
Stlth   ++........              (no amulet)
HPRegen 0.11/turn               (no ring)
MPRegen 0.10/turn               (no ring)

@: no status effects
A: AC +5, unfitting armour, cold-blooded
a: no special abilities


You were on level 3 of the Dungeon.
You visited 1 branch of the dungeon, and saw 3 of its levels.

You collected 34 gold pieces.

Inventory:

Armour
 i - a +2 hat (worn)
 l - a +2 pair of boots (worn)
Scrolls
 a - a scroll of enchant weapon {unknown}
 c - 2 scrolls of blinking {unknown}
 g - a scroll of identify {unknown}
 j - a scroll of fog {unknown}
 k - 2 scrolls of vulnerability {unknown}
Potions
 b - a potion of lignification {unknown}
 d - a potion of mutation {unknown}
 e - a potion of curing {unknown}
 f - 2 potions of heal wounds {unknown}
 h - a potion of invisibility {unknown}


   Skills:
 + Level 1.3 Fighting
 + Level 2.4 Dodging
 + Level 2.3 Stealth
 + Level 2.4 Spellcasting
 * Level 4.6 Conjurations


You had 4 spell levels left.
You knew the following spells:

 Your Spells              Type           Power      Damage    Failure   Level
a - Magic Dart            Conj           80%        1d7       2%          1
b - Searing Ray           Conj           40%        2d5       3%          2

Your spell library contained the following spells:

 Spells                   Type           Power      Damage    Failure   Level
 Dazzling Flash           Conj/Hex       22%        N/A       17%         3
 Fulminant Prism          Conj/Hex       5%         3d7       50%         4
 Iskenderun's Mystic Bla  Conj/Tloc      11%        2d4       50%         4


Dungeon Overview and Level Annotations

Branches:
Dungeon (3/15)

Altars:
Nemelex Xobeh

Annotations:
D:2 Sigmund


Innate Abilities, Weirdness & Mutations

Your plain brown scales are hard. (AC +5)
You cannot fit into any form of body armour.
You are cold-blooded and may be slowed by cold attacks.


Message History

The searing ray hits the orc priest.
The orc priest is moderately wounded. (Press . to maintain the ray.)
The orc barely misses you.
The searing ray hits the orc!
You kill the orc!
The searing ray hits something.
The searing ray hits the orc priest.
The orc priest is heavily wounded.
The searing ray hits something.
The searing ray misses the orc priest.
Something hits you but does no damage.
The orc priest mumbles some strange prayers to Beogh against you.
Beogh smites you!
The searing ray hits something!
Reactivating autopickup.
You feel a bit more experienced.
The searing ray misses the orc priest.
You finish channelling your searing ray.
You have reached level 4!
You feel stronger.
Casting: Searing Ray (safe; 3% risk of failure)
Confirm with . or Enter, or press ? or * to list all spells.
Aiming: Magic Dart (safe; 2% risk of failure)
Press: ? - help, Shift-Dir - straight line, f/p - orc priest
Aim: an orc priest, wielding a +0 short sword and wearing a +0 ring mail (heavily wounded, 100% to hit)
The magic dart hits the orc priest.
The orc priest is almost dead.
The orc priest hits you with a +0 short sword.
The orc priest mumbles some strange prayers to Beogh against you.
Pain shoots through your body!
* * * LOW HITPOINT WARNING * * *
The orc priest casts a cantrip, but nothing happens.
Casting: Magic Dart (safe; 2% risk of failure)
Confirm with . or Enter, or press ? or * to list all spells.
Aiming: Magic Dart (safe; 2% risk of failure)
Press: ? - help, Shift-Dir - straight line, f/p - orc priest
Aim: an orc priest, wielding a +0 short sword and wearing a +0 ring mail (almost dead, 100% to hit)
The magic dart hits the orc priest but does no damage.
The orc priest is almost dead.
The orc priest mumbles some strange prayers to Beogh against you.
Beogh smites you!
You die...

#......#
#..........#
#......#
#..........#
#......#
#...###.####
#......#########.#
#..............#.#
#...##########.#.#
##.#...<.......#.#
#.#.##.########.#
#.#......@..o.#.#
#.####.######.#.#
#.# #.# #.#.# #.#
#.# #.#.# #.####.#
#)#.# #.#....#
#.#.# #.#.####
#)#.#
#.#.#########.#.#
#.#...........#.#


You could see an orc priest.

Vanquished Creatures
  An orc wizard (D:3)
  An adder (D:3)
  2 worms
  2 orcs (D:3)
  6 endoplasms
  5 giant cockroaches
  A goblin (D:2)
  3 hobgoblins
  5 kobolds (D:1)
  4 quokkas
  3 ball pythons
  4 bats
  2 frilled lizards
  3 rats
42 creatures vanquished.

Notes
Turn   | Place    | Note
-------+----------+-------------------------------------------
     0 | D:1      | Zeld the Draconian Conjurer began the quest for the Orb.
     0 | D:1      | Reached XP level 1. HP: 14/14 MP: 3/3
   390 | D:1      | Reached XP level 2. HP: 22/22 MP: 1/5
   954 | D:1      | Found a faded altar of an unknown god.
  1096 | D:1      | Found a sparkling altar of Nemelex Xobeh.
  1312 | D:2      | Learned a level 2 spell: Searing Ray
  1775 | D:2      | Reached XP level 3. HP: 27/27 MP: 1/6
  1908 | D:2      | Noticed Sigmund
  2514 | D:3      | Reached skill level 1 in Fighting
  3143 | D:3      | Reached XP level 4. HP: 20/35 MP: 1/7
  3150 | D:3      | Killed from afar by an orc priest

Illustrated notes

Levels and vault maps discovered:
D:1:      dpeg_arrival_lava_altar, layout_basic,
          shapermc_ecumenical_altar_mp_vishouse, serial_rivers,
          chequers_serial_rivers_micro_b, chequers_serial_rivers_micro_d,
          chequers_serial_rivers_micro_c, chequers_serial_rivers_micro_e,
          minmay_door_square, minmay_misc_feat_x
D:2:      layout_basic, serial_glass, glass_columns_a, glass_columns_c,
          glass_columns_b, glass_columns_c, minmay_misc_feat_roman, uniq_sigmund
D:3:      layout_basic

Skill      XL: |  1  2  3 |
---------------+----------+-----
Stealth        | 2 |  2.3
Dodging        | 2 |  2.4
Fighting       | 1 |  1.3
Spellcasting   | |  2.4
Conjurations   | |  4.6

Action                   |  1- 3 |  4- 6 || total
-------------------------+-------+-------++-------
Melee: Unarmed           |    13 |       ||    13
       Tailslap          |     4 |       ||     4
 Cast: Magic Dart        |    86 |     2 ||    88
       Searing Ray       |     4 |       ||     4
Armor: Skin              |     9 |       ||     9
Dodge: Dodged            |    18 |       ||    18
